AoeStats
← BigDog

Arena

510379759Analyzed
2v2 RM · 1d ago on Sep 30, 2026· 28m 51s· 4 players
Game mode
Random Map
Map size
Medium (4 player)
Population
200
Speed
Normal
Resources
Standard
Victory
Conquest
Starting age
Dark Age
Ending age
Imperial Age
RankedLock teamsTeams togetherTeam positionsShared explorationLock speedFull tech treeHidden civsTurbo modeCheats
Victory
Defeat
🇨🇦 Ethiopians · Canada
698
+13
🇷🇸 Byzantines · Serbia
677
+14
🇺🇦 Goths · Ukraine
658
-14
🇺🇦 Poles · Ukraine
622
-13
Seeker
11:31 Feudal Age
12:17 Double-Bit Axe
18:27 Castle Age
17:02 Gold Mining
20:00 Wheelbarrow
20:22 Forging
19:54 Horse Collar
25:53 Gold Shaft Mining
26:57 Scale Barding Armor
maxhell
10:38 Feudal Age
11:56 Wheelbarrow
11:08 Double-Bit Axe
11:05 Horse Collar
11:41 Gold Mining
19:08 Castle Age
20:09 Hand Cart
20:08 Bow Saw
21:17 Heavy Plow
22:00 Scale Mail Armor
Boshetunmay
11:19 Feudal Age
12:22 Man-at-Arms
14:51 Wheelbarrow
14:19 Double-Bit Axe
16:29 Bloodlines
17:05 Horse Collar
21:38 Scale Barding Armor
21:44 Forging
24:56 Castle Age
23:27 Arson
23:04 Man-at-Arms
26:19 Chain Barding Armor
26:20 Squires
25:41 Pikeman
26:57 Husbandry
27:52 Hand Cart
BigDog
6:11 Loom
11:24 Feudal Age
12:12 Double-Bit Axe
12:10 Horse Collar
19:00 Castle Age
20:16 Man-at-Arms
20:58 Pikeman
21:06 Long Swordsman
21:20 Pikeman
25:25 Scale Mail Armor
Connection lost

Rejoining the realm…

Still unreachable

The connection could not be restored.

Session expired

The server has moved on; the page needs a fresh start.